Pick #1

Connor Bedard
Pick #2

Leo Carlsson
Pick #3

Adam Fantilli
Pick #4

Matvei Michkov
Pick #5

David Reinbacher
Pick #6

William Smith
Pick #7

Zachary Benson
Pick #8

Ryan Leonard
Pick #9

Gabriel Perreault
Pick #10

Axel Sandin-Pellika
Pick #11

Daniil But
Pick #12

Dalibor Dvorsky
Pick #13

Quentin Musty
Pick #14

Brayden Yager
Pick #15

Dmitry Simashev
Pick #16

Colby Barlow
Pick #17

Andrew Cristall
Pick #18

Easton Cowan
Pick #19

Jacob Fowler
Pick #20

Oliver Moore
Pick #21

Oliver Bonk
Pick #22

Tom Willander
Pick #23

Calum Ritchie
Pick #24

Tanner Molendyk
Pick #25

Gavin Brindley
Pick #26

Nate Danielson
Pick #27

Pick #28

Pick #29

Pick #30

Pick #31

Pick #32

Pick #33

Pick #34

Pick #35

Pick #36

Pick #37

Pick #38

Pick #39

Pick #40

Pick #41

Pick #42

Pick #43

Pick #44

Pick #45

Pick #46

Pick #47

Pick #48

Pick #49

Pick #50

Pick #51

Pick #52

Pick #53

Pick #54

Pick #55

Pick #56

Pick #57

Pick #58

Pick #59

Pick #60

Pick #61

Pick #62

Pick #63

Pick #64

Pick #65

Pick #66

Pick #67

Pick #68

Pick #69

Pick #70

Pick #71

Pick #72

Pick #73

Pick #74

Pick #75

Pick #76

Pick #77

Pick #78

Pick #79

Pick #80

Pick #81

Pick #82

Pick #83

Pick #84

Pick #85

Pick #86

Pick #87

Pick #88

Pick #89

Pick #90

Pick #91

Pick #92

Pick #93

Pick #94

Pick #95

Pick #96

Pick #97

Pick #98

Pick #99

Pick #100

Pick #101

Pick #102

Pick #103

Pick #104

Pick #105

Pick #106

Pick #107

Pick #108

Pick #109

Pick #110

Pick #111

Pick #112

Pick #113

Pick #114

Pick #115

Pick #116

Pick #117

Pick #118

Pick #119

Pick #120

Pick #121

Pick #122

Pick #123

Pick #124

Pick #125

Pick #126

Pick #127

Pick #128

Pick #129

Pick #130

Full Scoreboard »»

Flames vs Lightning

Created - March 10, 2024 at 22:20

Goals
1 2 3 T
Flames 1 2 0 3
Lightning 0 2 2 4
Shots
1 2 3 T
Flames 6 15 8 29
Lightning 3 11 9 23

GoalsPenalties
1st period
1. Flames , Alex Ovechkin 30 (John Tavares 33, Sebastian Aho 33) at 12:49
Adam Larsson (CGY) for Roughing (Minor) at 2:48
2nd period
2. Lightning , Kaiden Guhle 3 (William Karlsson 23, Kevin Shattenkirk 28) at 1:55 (PP)
3. Lightning , Tyler Toffoli 21 (Kaiden Guhle 14, Kevin Shattenkirk 29) at 2:54
4. Flames , Esa Lindell 5 (Adam Larsson 44, Jordan Kyrou 29) at 9:32
5. Flames , Jordan Staal 12 (Jordan Eberle 12, Jordan Kyrou 30) at 9:53
Jared Spurgeon (CGY) for Hooking (Minor) at 1:34
Tyler Toffoli (TBL) for Hooking (Minor) at 3:28
Dmitry Orlov (CGY) for Holding (Minor) at 5:13
Ben Chiarot (TBL) for High sticking (Minor) at 7:19
Alex Ovechkin (CGY) for High sticking (Minor) at 19:46
3rd period
6. Lightning , Tyler Toffoli 22 (Patrice Bergeron 39, Jeff Skinner 25) at 17:34
7. Lightning , William Karlsson 18 (John Klingberg 40, Sam Bennett 25) at 19:43 (PP)
Alex Ovechkin (CGY) for Roughing (Minor) at 18:14
Goalie Stats
Vitek Vanecek (CGY), 19 saves from 23 shots - (0.826), L, 24-17-3, 59:47 minutes
Martin Jones (TBL), 26 saves from 29 shots - (0.897), W, 5-8-1, 60:00 minutes
3 StarsOfficial
1 - Kaiden Guhle (TBL)
2 - Tyler Toffoli (TBL)
3 - Kevin Shattenkirk (TBL)
Referees : Shaun Davis and Gord Dwyer
Linesman : Derek Amell and Jaime Alary
Game Note
No Game Note
Finance
Level 1 -- Attendance: 5914 (90.98%) -- Ticket Income $650,540
Level 2 -- Attendance: 3721 (74.42%) -- Ticket Income $353,495
Level 3 -- Attendance: 2538 (72.51%) -- Ticket Income $190,350
Level 4 -- Attendance: 2382 (74.34%) -- Ticket Income $107,190
Luxury Box -- Attendance: 491 (49.10%) -- Ticket Income $176,760
Game was played at the Amalie Arena.
Total Attendance: 15046 (78.35%)
Total Ticket Income: $1,478,335
Other Income: $369,584
Total Income: $1,847,919



Team Name Goals Shots Shots Attemp Shots Blocked PIM HIT PP PK FO%
Flames 32961410230 / 2 (0%)245%
Lightning 4234294272 / 5 (40%)055%

Flames
Player Name POS G A P +/- PIM HIT SHT SB MP PP MP PP SHT PK MP PK SHT FO% FOT
Adam LarssonD0111211121:271:5902:5900% 0
Alex DeBrincatRW000-1022017:261:3000:000100% 1
Alex OvechkinLW1011445020:232:1400:0000% 0
Dmitry OrlovD0001202016:001:5800:0000% 0
Erik GudbransonD0001020117:370:0004:3300% 0
Esa LindellD1011012117:150:0000:4500% 0
Jakub VranaLW000000107:000:0004:5110% 0
Jared SpurgeonD000-1211122:551:4503:0000% 0
John TavaresC0111000017:571:3000:0000% 1
Jordan EberleRW0111000013:410:0000:0000% 1
Jordan KyrouC0221002013:550:0000:0000% 0
Jordan StaalC1011041018:460:0004:51032% 25
Josh MorrisseyD000-1062024:431:4523:4900% 0
Lawson CrouseLW000-1002017:261:3010:0000% 0
Pierre-Edouard BellemareLW000000002:420:0002:4200% 0
Sean KuralyC000000003:230:0002:42040% 5
Sebastian AhoC0111017018:572:1410:00053% 17
Steven StamkosC000-1011020:352:1410:00057% 23
Lightning
Player Name POS G A P +/- PIM HIT SHT SB MP PP MP PP SHT PK MP PK SHT FO% FOT
Alex KillornLW000-101219:280:0000:000100% 1
Andrew PeekeD000-2010014:380:0000:0000% 0
Ben ChiarotD000-2230315:360:0000:4500% 0
Brandon MontourD0000012225:423:3312:1600% 0
Brock NelsonC0000002020:543:3412:18048% 21
Dawson MercerC000-100019:120:0000:0000% 0
Erik HaulaLW000-1012010:180:0002:3200% 0
Jeff SkinnerLW0111012021:433:5911:01050% 2
John KlingbergD0110000025:423:3302:1600% 0
Kaiden GuhleD1121051118:414:0010:4300% 0
Kevin ShattenkirkD0221032119:404:0011:2800% 0
Patrice BergeronC0111050021:323:5900:36060% 25
Pierre EngvallLW000-101007:320:0000:0000% 0
Ryan StromeC000-1020010:130:0001:01040% 10
Sam BennettC0110012018:363:3400:0000% 0
Trevor MooreLW000-101007:320:0000:00060% 10
Tyler ToffoliRW2021216020:253:5930:000100% 1
William KarlssonC1120002018:363:3410:00067% 3



Play-by-Play

1st period


0:01 of 1st period - Patrice Bergeron wins face-off versus Sebastian Aho in neutral zone.
0:36 of 1st period - Shot by Alex Ovechkin.
0:36 of 1st period - Shot Misses the Net.
0:44 of 1st period - Shot by Sebastian Aho.
0:44 of 1st period - Stopped by Martin Jones with a rebound.
0:46 of 1st period - Shot by Josh Morrissey.
0:46 of 1st period - Shot Misses the Net.
1:14 of 1st period - Icing by Brock Nelson.
1:15 of 1st period - Jordan Staal wins face-off versus William Karlsson in Lightning zone.
1:33 of 1st period - Dmitry Orlov is hit by Kevin Shattenkirk and loses puck.
2:15 of 1st period - Off-side.
2:16 of 1st period - Steven Stamkos wins face-off versus Ryan Strome in neutral zone.
2:41 of 1st period - Shot by Alex Killorn.
2:41 of 1st period - Shot Misses the Net.
2:48 of 1st period - Minor Penalty to Adam Larsson for Roughing.
2:49 of 1st period - Jordan Staal wins face-off versus Patrice Bergeron in Flames zone.
2:49 of 1st period - Jordan Staal is hit by Jeff Skinner.
3:22 of 1st period - Shot by Tyler Toffoli.
3:22 of 1st period - Stopped by Vitek Vanecek without a rebound.
3:23 of 1st period - Brock Nelson wins face-off versus Sean Kuraly in Flames zone.
3:25 of 1st period - Sam Bennett is hit by Josh Morrissey and loses puck.
4:43 of 1st period - Shot by Tyler Toffoli.
4:43 of 1st period - Stopped by Vitek Vanecek without a rebound.
4:44 of 1st period - Sean Kuraly wins face-off versus Patrice Bergeron in Flames zone.
6:45 of 1st period - Sebastian Aho is hit by Kaiden Guhle and loses puck.
7:56 of 1st period - Ryan Strome is hit by Josh Morrissey and loses puck.
8:05 of 1st period - Shot by Ryan Strome.
8:05 of 1st period - Shot Blocked by Jared Spurgeon.
8:07 of 1st period - Shot by Alex Killorn.
8:07 of 1st period - Stopped by Vitek Vanecek without a rebound.
8:08 of 1st period - Tyler Toffoli wins face-off versus Jordan Staal in Flames zone.
9:13 of 1st period - Josh Morrissey is hit by Patrice Bergeron and loses puck.
9:26 of 1st period - Shot by Jared Spurgeon.
9:26 of 1st period - Stopped by Martin Jones without a rebound.
9:27 of 1st period - Steven Stamkos wins face-off versus Brock Nelson in Lightning zone.
9:48 of 1st period - Icing by Josh Morrissey.
9:49 of 1st period - Steven Stamkos wins face-off versus Ryan Strome in Flames zone.
9:49 of 1st period - Steven Stamkos is hit by Alex Killorn.
10:24 of 1st period - Icing by Ben Chiarot.
10:25 of 1st period - Ryan Strome wins face-off versus Sebastian Aho in Lightning zone.
10:25 of 1st period - Ryan Strome is hit by Alex Ovechkin.
10:40 of 1st period - Dawson Mercer is hit by Esa Lindell and loses puck.
10:53 of 1st period - Shot by Sebastian Aho.
10:53 of 1st period - Shot Blocked by Alex Killorn.
11:29 of 1st period - Shot by Jordan Kyrou.
11:29 of 1st period - Stopped by Martin Jones with a rebound.
12:10 of 1st period - Icing by Kaiden Guhle.
12:11 of 1st period - Steven Stamkos wins face-off versus Patrice Bergeron in Lightning zone.
12:44 of 1st period - Off-side.
12:45 of 1st period - Sebastian Aho wins face-off versus Trevor Moore in neutral zone.
12:45 of 1st period - Sebastian Aho is hit by Trevor Moore.
12:49 of 1st period - Shot by Alex Ovechkin.
12:49 of 1st period - Goal by Alex Ovechkin - Flames : 1 - Lightning : 0.
12:50 of 1st period - William Karlsson wins face-off versus Sebastian Aho in neutral zone.
13:27 of 1st period - Sebastian Aho is hit by Brandon Montour and loses puck.
13:34 of 1st period - Shot by John Tavares.
13:34 of 1st period - Deflect By Alex Ovechkin.
13:34 of 1st period - Shot Misses the Net.
14:01 of 1st period - Jared Spurgeon is hit by Sam Bennett.
14:14 of 1st period - Josh Morrissey is hit by Kaiden Guhle and loses puck.
14:25 of 1st period - Shot by Alex DeBrincat.
14:25 of 1st period - Stopped by Martin Jones without a rebound.
14:26 of 1st period - Jordan Staal wins face-off versus Trevor Moore in Lightning zone.
14:34 of 1st period - Shot by Erik Haula.
14:34 of 1st period - Shot Misses the Net.
15:37 of 1st period - Sebastian Aho is hit by Kaiden Guhle and loses puck.
15:41 of 1st period - Alex Ovechkin is hit by Kevin Shattenkirk.
15:58 of 1st period - Sebastian Aho is hit by Tyler Toffoli and loses puck.
16:02 of 1st period - Dmitry Orlov is hit by Kaiden Guhle and loses puck.
16:26 of 1st period - Alex DeBrincat is hit by Kaiden Guhle and loses puck.
17:28 of 1st period - Shot by Jordan Kyrou.
17:28 of 1st period - Shot Misses the Net.
18:01 of 1st period - Icing by Adam Larsson.
18:02 of 1st period - Trevor Moore wins face-off versus Jordan Staal in Flames zone.
18:30 of 1st period - Dmitry Orlov is hit by Erik Haula and loses puck.
18:38 of 1st period - John Tavares is hit by Ben Chiarot and loses puck.
18:42 of 1st period - Alex Ovechkin is hit by Ben Chiarot and loses puck.
18:53 of 1st period - Shot by Alex Ovechkin.
18:53 of 1st period - Shot Misses the Net.
18:55 of 1st period - Shot by Dmitry Orlov.
18:55 of 1st period - Stopped by Martin Jones without a rebound.
18:56 of 1st period - Ryan Strome wins face-off versus Steven Stamkos in Lightning zone.
19:53 of 1st period - Icing by Josh Morrissey.
19:54 of 1st period - Steven Stamkos wins face-off versus Jeff Skinner in Flames zone.
19:54 of 1st period - Steven Stamkos is hit by Patrice Bergeron.
Goals for this period are 1 for Flames vs 0 for Lightning.
Shots for this period are 6 for Flames vs 3 for Lightning.

2nd period


0:01 of 2nd period - Steven Stamkos wins face-off versus Patrice Bergeron in neutral zone.
0:01 of 2nd period - Dmitry Orlov is hit by Patrice Bergeron and loses puck.
0:46 of 2nd period - Shot by Steven Stamkos.
0:46 of 2nd period - Shot Misses the Net.
1:33 of 2nd period - Shot by Sam Bennett.
1:33 of 2nd period - Stopped by Vitek Vanecek without a rebound.
1:34 of 2nd period - Alex Killorn wins face-off versus Jordan Staal in Flames zone.
1:34 of 2nd period - Minor Penalty to Jared Spurgeon for Hooking.
1:35 of 2nd period - Brock Nelson wins face-off versus Jordan Staal in Flames zone.
1:49 of 2nd period - Shot by William Karlsson.
1:49 of 2nd period - Shot Misses the Net.
1:51 of 2nd period - Shot by Kevin Shattenkirk.
1:51 of 2nd period - Shot Misses the Net.
1:53 of 2nd period - Shot by William Karlsson.
1:53 of 2nd period - Shot Misses the Net.
1:55 of 2nd period - Shot by Kaiden Guhle.
1:55 of 2nd period - Goal by Kaiden Guhle - Flames : 1 - Lightning : 1.
1:56 of 2nd period - Alex DeBrincat wins face-off versus Ryan Strome in neutral zone.
2:13 of 2nd period - Shot by Brandon Montour.
2:13 of 2nd period - Shot Blocked by Esa Lindell.
2:18 of 2nd period - Dawson Mercer is hit by Adam Larsson and loses puck.
2:28 of 2nd period - Off-side.
2:29 of 2nd period - Patrice Bergeron wins face-off versus Jordan Staal in neutral zone.
2:54 of 2nd period - Shot by Tyler Toffoli.
2:54 of 2nd period - Goal by Tyler Toffoli - Flames : 1 - Lightning : 2.
2:55 of 2nd period - Sebastian Aho wins face-off versus Brock Nelson in neutral zone.
3:08 of 2nd period - Shot by Alex Ovechkin.
3:08 of 2nd period - Stopped by Martin Jones without a rebound.
3:09 of 2nd period - Patrice Bergeron wins face-off versus Steven Stamkos in Lightning zone.
3:09 of 2nd period - Patrice Bergeron is hit by Alex DeBrincat.
3:23 of 2nd period - Shot by Patrice Bergeron.
3:23 of 2nd period - Shot Misses the Net.
3:28 of 2nd period - Minor Penalty to Tyler Toffoli for Hooking.
3:29 of 2nd period - Brock Nelson wins face-off versus Steven Stamkos in Lightning zone.
4:55 of 2nd period - Shot by Lawson Crouse.
4:55 of 2nd period - Shot Misses the Net.
4:57 of 2nd period - Shot by Lawson Crouse.
4:57 of 2nd period - Stopped by Martin Jones without a rebound.
4:58 of 2nd period - Jeff Skinner wins face-off versus Steven Stamkos in Lightning zone.
4:58 of 2nd period - Jeff Skinner is hit by Steven Stamkos.
5:13 of 2nd period - Minor Penalty to Dmitry Orlov for Holding.
5:14 of 2nd period - Patrice Bergeron wins face-off versus Jordan Staal in Flames zone.
5:17 of 2nd period - Shot by Erik Haula.
5:17 of 2nd period - Shot Misses the Net.
5:29 of 2nd period - Shot by Jeff Skinner.
5:29 of 2nd period - Stopped by Vitek Vanecek without a rebound.
5:30 of 2nd period - Jordan Staal wins face-off versus Patrice Bergeron in Flames zone.
6:02 of 2nd period - Brandon Montour is hit by Jordan Staal and loses puck.
6:07 of 2nd period - Shot by Tyler Toffoli.
6:07 of 2nd period - Stopped by Vitek Vanecek with a rebound.
6:09 of 2nd period - Shot by Patrice Bergeron.
6:09 of 2nd period - Shot Misses the Net.
6:11 of 2nd period - Shot by Brandon Montour.
6:11 of 2nd period - Shot Misses the Net.
6:39 of 2nd period - Shot by Brock Nelson.
6:39 of 2nd period - Stopped by Vitek Vanecek without a rebound.
6:40 of 2nd period - Sean Kuraly wins face-off versus Brock Nelson in Flames zone.
7:19 of 2nd period - Minor Penalty to Ben Chiarot for High sticking.
7:20 of 2nd period - Steven Stamkos wins face-off versus Brock Nelson in Lightning zone.
7:23 of 2nd period - Shot by Sebastian Aho.
7:23 of 2nd period - Stopped by Martin Jones without a rebound.
7:24 of 2nd period - Brock Nelson wins face-off versus Steven Stamkos in Lightning zone.
7:35 of 2nd period - Shot by Josh Morrissey.
7:35 of 2nd period - Stopped by Martin Jones without a rebound.
7:36 of 2nd period - Brock Nelson wins face-off versus John Tavares in Lightning zone.
8:56 of 2nd period - Shot by Steven Stamkos.
8:56 of 2nd period - Stopped by Martin Jones without a rebound.
8:57 of 2nd period - Steven Stamkos wins face-off versus Brock Nelson in Lightning zone.
9:16 of 2nd period - Shot by Jared Spurgeon.
9:16 of 2nd period - Shot Blocked by Brandon Montour.
9:18 of 2nd period - Shot by Josh Morrissey.
9:18 of 2nd period - Stopped by Martin Jones with a rebound.
9:20 of 2nd period - Shot by Jordan Eberle.
9:20 of 2nd period - Shot Misses the Net.
9:22 of 2nd period - Shot by Esa Lindell.
9:22 of 2nd period - Stopped by Martin Jones with a rebound.
9:24 of 2nd period - Shot by Esa Lindell.
9:24 of 2nd period - Shot Misses the Net.
9:26 of 2nd period - Shot by Adam Larsson.
9:26 of 2nd period - Deflect By Jordan Kyrou.
9:26 of 2nd period - Shot Blocked by Ben Chiarot.
9:28 of 2nd period - Shot by Adam Larsson.
9:28 of 2nd period - Shot Blocked by Ben Chiarot.
9:30 of 2nd period - Shot by Adam Larsson.
9:30 of 2nd period - Stopped by Martin Jones with a rebound.
9:32 of 2nd period - Shot by Esa Lindell.
9:32 of 2nd period - Goal by Esa Lindell - Flames : 2 - Lightning : 2.
9:33 of 2nd period - Jordan Staal wins face-off versus Ryan Strome in neutral zone.
9:38 of 2nd period - Shot by Jordan Eberle.
9:38 of 2nd period - Shot Blocked by Kevin Shattenkirk.
9:51 of 2nd period - Shot by Jordan Eberle.
9:51 of 2nd period - Shot Misses the Net.
9:53 of 2nd period - Shot by Jordan Staal.
9:53 of 2nd period - Goal by Jordan Staal - Flames : 3 - Lightning : 2.
9:54 of 2nd period - Steven Stamkos wins face-off versus Patrice Bergeron in neutral zone.
11:05 of 2nd period - Shot by Alex Ovechkin.
11:05 of 2nd period - Shot Misses the Net.
11:07 of 2nd period - Shot by Sebastian Aho.
11:07 of 2nd period - Shot Blocked by Kaiden Guhle.
11:15 of 2nd period - Shot by Alex Ovechkin.
11:15 of 2nd period - Stopped by Martin Jones without a rebound.
11:16 of 2nd period - Trevor Moore wins face-off versus Jordan Eberle in Lightning zone.
11:16 of 2nd period - Trevor Moore is hit by Jordan Staal.
11:34 of 2nd period - Shot by Jordan Staal.
11:34 of 2nd period - Deflect By Jordan Kyrou.
11:34 of 2nd period - Shot Misses the Net.
11:37 of 2nd period - Icing by Ben Chiarot.
11:38 of 2nd period - Trevor Moore wins face-off versus Steven Stamkos in Lightning zone.
11:51 of 2nd period - Esa Lindell is hit by Pierre Engvall and loses puck.
12:11 of 2nd period - Shot by Erik Haula.
12:11 of 2nd period - Stopped by Vitek Vanecek without a rebound.
12:12 of 2nd period - Sebastian Aho wins face-off versus Brock Nelson in Flames zone.
13:19 of 2nd period - Shot by Jordan Kyrou.
13:19 of 2nd period - Shot Misses the Net.
13:49 of 2nd period - Shot by Tyler Toffoli.
13:49 of 2nd period - Stopped by Vitek Vanecek without a rebound.
13:50 of 2nd period - Steven Stamkos wins face-off versus Ryan Strome in Flames zone.
13:50 of 2nd period - Steven Stamkos is hit by Ryan Strome.
13:56 of 2nd period - Shot by Alex DeBrincat.
13:56 of 2nd period - Shot Misses the Net.
15:18 of 2nd period - Shot by Sebastian Aho.
15:18 of 2nd period - Stopped by Martin Jones without a rebound.
15:19 of 2nd period - William Karlsson wins face-off versus Jordan Staal in Lightning zone.
15:35 of 2nd period - Shot by Brock Nelson.
15:35 of 2nd period - Stopped by Vitek Vanecek without a rebound.
15:36 of 2nd period - Patrice Bergeron wins face-off versus Sebastian Aho in Flames zone.
15:43 of 2nd period - Patrice Bergeron is hit by Alex Ovechkin and loses puck.
15:50 of 2nd period - Shot by Alex Ovechkin.
15:50 of 2nd period - Shot Misses the Net.
15:52 of 2nd period - Shot by Sebastian Aho.
15:52 of 2nd period - Stopped by Martin Jones without a rebound.
15:53 of 2nd period - Brock Nelson wins face-off versus Steven Stamkos in Lightning zone.
16:08 of 2nd period - Shot by Sam Bennett.
16:08 of 2nd period - Deflect By Brock Nelson.
16:08 of 2nd period - Shot Misses the Net.
17:06 of 2nd period - Shot by Alex Ovechkin.
17:06 of 2nd period - Stopped by Martin Jones without a rebound.
17:07 of 2nd period - Trevor Moore wins face-off versus Jordan Staal in Lightning zone.
17:26 of 2nd period - Shot by Jordan Kyrou.
17:26 of 2nd period - Stopped by Martin Jones with a rebound.
17:29 of 2nd period - Icing by Andrew Peeke.
17:30 of 2nd period - Sebastian Aho wins face-off versus Trevor Moore in Lightning zone.
18:02 of 2nd period - Shot by Trevor Moore.
18:02 of 2nd period - Deflect By Erik Haula.
18:02 of 2nd period - Stopped by Vitek Vanecek with a rebound.
18:11 of 2nd period - Off-side.
18:12 of 2nd period - Patrice Bergeron wins face-off versus Steven Stamkos in neutral zone.
18:12 of 2nd period - John Klingberg is hit by Alex DeBrincat and loses puck.
18:21 of 2nd period - Shot by Jeff Skinner.
18:21 of 2nd period - Stopped by Vitek Vanecek without a rebound.
18:22 of 2nd period - Brock Nelson wins face-off versus Jordan Staal in Flames zone.
19:46 of 2nd period - Minor Penalty to Alex Ovechkin for High sticking.
19:47 of 2nd period - Patrice Bergeron wins face-off versus Jordan Staal in Flames zone.
19:52 of 2nd period - Shot by Jeff Skinner.
19:52 of 2nd period - Shot Blocked by Erik Gudbranson.
Goals for this period are 2 for Flames vs 2 for Lightning.
Shots for this period are 15 for Flames vs 11 for Lightning.

3rd period


0:01 of 3rd period - Patrice Bergeron wins face-off versus Jordan Staal in neutral zone.
0:04 of 3rd period - Shot by Brandon Montour.
0:04 of 3rd period - Stopped by Vitek Vanecek without a rebound.
0:05 of 3rd period - Patrice Bergeron wins face-off versus Jordan Staal in Flames zone.
0:05 of 3rd period - Patrice Bergeron is hit by Jared Spurgeon.
0:16 of 3rd period - John Klingberg is hit by Erik Gudbranson and loses puck.
0:34 of 3rd period - Tyler Toffoli is hit by Josh Morrissey and loses puck.
1:20 of 3rd period - Shot by Jakub Vrana.
1:20 of 3rd period - Stopped by Martin Jones without a rebound.
1:21 of 3rd period - Brock Nelson wins face-off versus Sean Kuraly in Lightning zone.
1:25 of 3rd period - Icing by Kevin Shattenkirk.
1:26 of 3rd period - Brock Nelson wins face-off versus Sean Kuraly in Lightning zone.
1:35 of 3rd period - Shot by Kevin Shattenkirk.
1:35 of 3rd period - Stopped by Vitek Vanecek with a rebound.
2:11 of 3rd period - Adam Larsson is hit by Ryan Strome and loses puck.
2:24 of 3rd period - Shot by Lawson Crouse.
2:24 of 3rd period - Stopped by Martin Jones without a rebound.
2:25 of 3rd period - Patrice Bergeron wins face-off versus Sebastian Aho in Lightning zone.
2:25 of 3rd period - Patrice Bergeron is hit by Alex Ovechkin.
3:09 of 3rd period - Icing by Josh Morrissey.
3:10 of 3rd period - Brock Nelson wins face-off versus Sebastian Aho in Flames zone.
3:14 of 3rd period - William Karlsson is hit by Josh Morrissey and loses puck.
3:24 of 3rd period - Icing by Josh Morrissey.
3:25 of 3rd period - Sebastian Aho wins face-off versus Trevor Moore in Flames zone.
3:52 of 3rd period - Shot by Adam Larsson.
3:52 of 3rd period - Shot Misses the Net.
3:58 of 3rd period - Shot by Alex DeBrincat.
3:58 of 3rd period - Shot Blocked by Ben Chiarot.
4:06 of 3rd period - Shot by Alex DeBrincat.
4:06 of 3rd period - Shot Misses the Net.
4:08 of 3rd period - Shot by Alex DeBrincat.
4:08 of 3rd period - Stopped by Martin Jones without a rebound.
4:09 of 3rd period - Patrice Bergeron wins face-off versus Jordan Staal in Lightning zone.
4:09 of 3rd period - Patrice Bergeron is hit by Jordan Staal.
6:22 of 3rd period - Alex Ovechkin is hit by Andrew Peeke.
6:24 of 3rd period - Shot by Sebastian Aho.
6:24 of 3rd period - Shot Misses the Net.
6:26 of 3rd period - Shot by Sebastian Aho.
6:26 of 3rd period - Stopped by Martin Jones without a rebound.
6:27 of 3rd period - Trevor Moore wins face-off versus Steven Stamkos in Lightning zone.
6:54 of 3rd period - Shot by Lawson Crouse.
6:54 of 3rd period - Shot Misses the Net.
8:19 of 3rd period - Off-side.
8:20 of 3rd period - Jordan Staal wins face-off versus Brock Nelson in neutral zone.
8:32 of 3rd period - Icing by Ben Chiarot.
8:33 of 3rd period - Steven Stamkos wins face-off versus Brock Nelson in Lightning zone.
8:45 of 3rd period - Shot by William Karlsson.
8:45 of 3rd period - Stopped by Vitek Vanecek with a rebound.
8:47 of 3rd period - Shot by William Karlsson.
8:47 of 3rd period - Shot Blocked by Adam Larsson.
9:16 of 3rd period - Shot by Sam Bennett.
9:16 of 3rd period - Stopped by Vitek Vanecek without a rebound.
9:17 of 3rd period - Patrice Bergeron wins face-off versus Sebastian Aho in Flames zone.
9:36 of 3rd period - Shot by Sebastian Aho.
9:36 of 3rd period - Stopped by Martin Jones with a rebound.
9:52 of 3rd period - Shot by Tyler Toffoli.
9:52 of 3rd period - Shot Misses the Net.
9:54 of 3rd period - Shot by Kevin Shattenkirk.
9:54 of 3rd period - Stopped by Vitek Vanecek without a rebound.
9:55 of 3rd period - Ryan Strome wins face-off versus Jordan Staal in Flames zone.
10:54 of 3rd period - William Karlsson is hit by Erik Gudbranson and loses puck.
12:19 of 3rd period - Shot by Alex Ovechkin.
12:19 of 3rd period - Stopped by Martin Jones without a rebound.
12:20 of 3rd period - Patrice Bergeron wins face-off versus Sebastian Aho in Lightning zone.
12:27 of 3rd period - John Tavares is hit by Patrice Bergeron.
12:48 of 3rd period - Patrice Bergeron is hit by Sebastian Aho and loses puck.
13:41 of 3rd period - Kaiden Guhle is hit by Jordan Staal.
13:49 of 3rd period - Shot by Jordan Staal.
13:49 of 3rd period - Shot Misses the Net.
13:51 of 3rd period - Shot by Jordan Staal.
13:51 of 3rd period - Shot Misses the Net.
13:53 of 3rd period - Shot by Dmitry Orlov.
13:53 of 3rd period - Stopped by Martin Jones without a rebound.
13:54 of 3rd period - Trevor Moore wins face-off versus Jordan Staal in Lightning zone.
14:06 of 3rd period - Off-side.
14:07 of 3rd period - Sebastian Aho wins face-off versus Brock Nelson in neutral zone.
14:12 of 3rd period - Shot by Sebastian Aho.
14:12 of 3rd period - Stopped by Martin Jones without a rebound.
14:13 of 3rd period - Sebastian Aho wins face-off versus Patrice Bergeron in Lightning zone.
14:17 of 3rd period - Sebastian Aho is hit by Ben Chiarot and loses puck.
14:21 of 3rd period - Icing by Ben Chiarot.
14:22 of 3rd period - Patrice Bergeron wins face-off versus Steven Stamkos in Lightning zone.
14:22 of 3rd period - Patrice Bergeron is hit by Alex Ovechkin.
14:32 of 3rd period - Tyler Toffoli is hit by Josh Morrissey and loses puck.
15:08 of 3rd period - Jeff Skinner is hit by Josh Morrissey.
15:13 of 3rd period - Jared Spurgeon is hit by Patrice Bergeron and loses puck.
15:49 of 3rd period - Shot by Brandon Montour.
15:49 of 3rd period - Stopped by Vitek Vanecek without a rebound.
15:50 of 3rd period - Ryan Strome wins face-off versus Jordan Staal in Flames zone.
16:10 of 3rd period - Shot by Alex Killorn.
16:10 of 3rd period - Stopped by Vitek Vanecek without a rebound.
16:11 of 3rd period - Jordan Staal wins face-off versus Brock Nelson in Flames zone.
16:28 of 3rd period - Shot by Sam Bennett.
16:28 of 3rd period - Deflect By Brock Nelson.
16:28 of 3rd period - Shot Misses the Net.
16:42 of 3rd period - Shot by Jordan Staal.
16:42 of 3rd period - Shot Misses the Net.
17:05 of 3rd period - Off-side.
17:06 of 3rd period - Sebastian Aho wins face-off versus Patrice Bergeron in neutral zone.
17:14 of 3rd period - Icing by Kevin Shattenkirk.
17:15 of 3rd period - Steven Stamkos wins face-off versus Patrice Bergeron in Lightning zone.
17:15 of 3rd period - Lawson Crouse is hit by Kevin Shattenkirk and loses puck.
17:28 of 3rd period - Shot by Tyler Toffoli.
17:28 of 3rd period - Shot Misses the Net.
17:30 of 3rd period - Shot by Jeff Skinner.
17:30 of 3rd period - Shot Misses the Net.
17:32 of 3rd period - Shot by Patrice Bergeron.
17:32 of 3rd period - Shot Misses the Net.
17:34 of 3rd period - Shot by Tyler Toffoli.
17:34 of 3rd period - Goal by Tyler Toffoli - Flames : 3 - Lightning : 3.
17:35 of 3rd period - Sebastian Aho wins face-off versus Ryan Strome in neutral zone.
17:55 of 3rd period - Shot by Sebastian Aho.
17:55 of 3rd period - Shot Blocked by Brandon Montour.
18:13 of 3rd period - Shot by Sebastian Aho.
18:13 of 3rd period - Shot Blocked by Dawson Mercer.
18:14 of 3rd period - Minor Penalty to Alex Ovechkin for Roughing.
18:15 of 3rd period - Patrice Bergeron wins face-off versus Jordan Staal in Flames zone.
19:11 of 3rd period - Icing by William Karlsson.
19:12 of 3rd period - Jordan Staal wins face-off versus Brock Nelson in Lightning zone.
19:17 of 3rd period - Shot by Jakub Vrana.
19:17 of 3rd period - Deflect By Jordan Staal.
19:17 of 3rd period - Shot Misses the Net.
19:43 of 3rd period - Shot by William Karlsson.
19:43 of 3rd period - Goal by William Karlsson - Flames : 3 - Lightning : 4.
19:44 of 3rd period - Steven Stamkos wins face-off versus Patrice Bergeron in neutral zone.
19:47 of 3rd period - Flames, Vitek Vanecek is pulled from the net.
Goals for this period are 0 for Flames vs 2 for Lightning.
Shots for this period are 8 for Flames vs 9 for Lightning.